 Dungeon Crawl Stone Soup version 0.29-a0-577-gafbf2c5d25 (webtiles) character file.

Game seed: 3951959919011692287

831 beeps the Ducker (level 8, 0/66 HPs)
             Began as a Meteoran Wanderer on June 13, 2022.
             Was a Plaything of Xom.
             Slain by a water moccasin (7 damage)
             ... on level 7 of the Dungeon.
             The game lasted 00:21:37 (2709 turns).

beeps the Ducker (Meteoran Wanderer)                Turns: 2709, Time: 00:21:38

Health: 0/66       AC:  5    Str: 14    XL:     8   Next: 41%
Magic:  14/14      EV: 13    Int: 22    God:    Xom [..*...]
Gold:   187        SH:  0    Dex: 12    Spells: 9/13 levels left

rFire   + + .      SeeInvis .   b - +1 dagger (vamp)
rCold   . . .      Faith    .   (no shield)
rNeg    . . .      Spirit   .   L - +2 robe {rF+}
rPois   .          Reflect  .   (no helmet)
rElec   .          Harm     .   k - +0 cloak
rCorr   .          Rampage  .   (no gloves)
Will    +....                   (no boots)
Stlth   +.........              y - amulet of magic regeneration
HPRegen 0.21/turn               t - ring of Louttogi {Fly Int+3 Slay+4}
MPRegen 0.54/turn               w - +4 ring of slaying

@: mighty, lethally poisoned (0 -> -25), flying, glowing, studying Summonings
A: sense surroundings 1, otherworldly, glowing, explore regen, fire resistance
1, strong 1
a: Renounce Religion


You were on level 7 of the Dungeon.
You worshipped Xom.
You were a toy of Xom.
You visited 1 branch of the dungeon, and saw 7 of its levels.

You collected 187 gold pieces.

Inventory:

Hand Weapons
 a - a +2 hunting sling
 b - a +1 vampiric dagger (weapon)
 h - a +0 whip
 i - a +0 dagger
Missiles
 c - 13 poisoned darts
 u - 63 stones
 x - 5 javelins
Armour
 e - a +0 robe
 k - a +0 cloak (worn)
 p - a +0 ring mail
 I - a +0 leather armour
 L - a +2 robe of fire resistance (worn)
Magical Staves
 D - a staff of cold
Jewellery
 t - the ring of Louttogi (left hand) {Fly Int+3 Slay+4}
   (You found it on level 3 of the Dungeon)

   [ring of slaying]

   Int:       It affects your intelligence (+3).
   Slay:      It affects your accuracy & damage with ranged weapons and melee
   (+4).
   Fly:       It grants you flight.
 w - a +4 ring of slaying (right hand)
 y - an amulet of magic regeneration (around neck)
 K - a ring of resist corrosion
Scrolls
 f - 2 scrolls of blinking {unknown}
 g - a scroll of acquirement {unknown}
 j - a scroll of enchant armour {unknown}
 l - a scroll of brand weapon {unknown}
 m - a scroll of fog {unknown}
 n - a scroll of torment {unknown}
 q - a scroll of poison {unknown}
 v - 2 scrolls of fear
 A - a scroll of summoning {unknown}
 E - 2 scrolls of teleportation {unknown}
 F - 4 scrolls of identify {unknown}
 J - a scroll of amnesia {unknown}
Potions
 d - a potion of might
 o - 2 potions of degeneration {unknown}
 r - 2 potions of mutation
 s - a potion of curing {unknown}
 z - a potion of flight {unknown}
 B - 2 potions of haste {unknown}
 C - 2 potions of cancellation {unknown}
 G - a potion of lignification {unknown}
 H - a potion of heal wounds


   Skills:
 + Level 3.8 Fighting
 + Level 3.4(3.7) Slings
 - Level 2.4(3.4) Throwing
 + Level 5.2 Dodging
 + Level 3.0 Stealth
 + Level 3.4 Spellcasting
 - Level 2.8 Conjurations
 - Level 5.0 Air Magic


You had 9 spell levels left.
You knew the following spells:

 Your Spells              Type           Power      Damage    Failure   Level
a - Shock                 Conj/Air       84%        1d8       2%          1
b - Swiftness             Air            26%        N/A       4%          3

Your spell library contained the following spells:

 Spells                   Type           Power      Damage    Failure   Level
 Airstrike                Air            13%        N/A       14%         4
 Ensorcelled Hibernation  Hex/Ice        6%         N/A       19%         2
 Passwall                 Tmut/Erth      2%         N/A       19%         2
 Confusing Touch          Hex            3%         N/A       34%         3
 Yara's Violent Unravell  Hex/Tmut       1%         3d3       97%         5
 Enfeeble                 Hex            1%         N/A       100%        7


Dungeon Overview and Level Annotations

Branches:
Dungeon (7/15)
 Temple: D:4-7

Altars:
Xom


Innate Abilities, Weirdness & Mutations

You passively map a small area around you.
You are easily found by Zot.
You glow in the dark.
You regain HP and MP as you explore.
Your flesh is heat resistant. (rF+)
Your muscles are strong. (Str +2)


Message History

The water moccasin bites you but does no damage.
You closely miss the water moccasin.
The water moccasin is severely wounded.
You feel sick.
The water moccasin barely misses you. x2
You miss the water moccasin.
The water moccasin is severely wounded.
You feel sick. The water moccasin bites you.
You are more poisoned.
The water moccasin poisons you!
You miss the water moccasin.
The water moccasin is severely wounded.
You feel very sick. The water moccasin bites you. x2
You are lethally poisoned!
The water moccasin poisons you!
It was a potion of mutation.
You feel extremely strange.
You feel resistant to heat.
You feel stronger.
Xom thinks this is hilarious!
* * * LOW HITPOINT WARNING * * *
You feel extremely sick. The water moccasin closely misses you.
It was a potion of heal wounds.
You feel much better.
Xom thinks this is hilarious!
You feel very sick. The water moccasin bites you.
You are lethally poisoned!
The water moccasin poisons you!
You hit the water moccasin.
The water moccasin is severely wounded.
* * * LOW HITPOINT WARNING * * *
You feel extremely sick. The water moccasin bites you.
* * * LOW HITPOINT WARNING * * *
The water moccasin bites you but does no damage.
It was a potion of might.
You feel very mighty all of a sudden.
* * * LOW HITPOINT WARNING * * *
You feel extremely sick. The water moccasin bites you!
You die...

,#.#
#.#
,*,#.#
#.# *
*,#.#
* #.#
,,
,#S# *
#@#
###


You could see a water moccasin.

Vanquished Creatures
  A water moccasin (D:6)
  2 ogres
  2 scorpions
  2 necrophages
  A howler monkey (D:5)
  An orc priest (D:6)
  2 hounds
  3 iguanas
  An orc wizard (D:4)
  2 adders
  A white imp (D:5)
  An ufetubus (D:6)
  6 orcs
  9 endoplasms
  A giant cockroach (D:2)
  3 goblins
  2 hobgoblins
  6 ball pythons
  5 bats
  7 frilled lizards
  6 kobolds
  4 rats
68 creatures vanquished.

Vanquished Creatures (others)
  A plant (D:1)
1 creature vanquished.

Grand Total: 69 creatures vanquished

Notes
Turn   | Place    | Note
-------+----------+-------------------------------------------
     0 | D:1      | beeps the Meteoran Wanderer began the quest for the Orb.
     0 | D:1      | beeps set off with the following items: a +2 hunting sling,
                  | 13 poisoned darts, a +0 dagger, a scroll of fear, a +0
                  | robe; and the following spell memorised: Shock; and the
                  | following spells available to memorise: Swiftness
     0 | D:1      | Reached XP level 1. HP: 14/14 MP: 3/3
   113 | D:1      | Reached XP level 2. HP: 22/22 MP: 3/5
   183 | D:1      | Found a faded altar of an unknown god.
   195 | D:1      | Prayed at the altar of an unknown god.
   195 | D:1      | Became a worshipper of Xom of Chaos
   228 | D:1      | XOM: silly message
   251 | D:2      | Reached XP level 3. HP: 27/27 MP: 6/6
   603 | D:1      | XOM: silly message
   634 | D:1      | Reached skill level 1 in Fighting
   648 | D:2      | XOM: silly message
   800 | D:2      | XOM: silly message
   930 | D:3      | Identified the ring of Louttogi {Fly Int+3 Slay+4}
  1424 | D:4      | Reached XP level 4. HP: 35/35 MP: 8/8
  1429 | D:4      | Reached skill level 1 in Stealth
  1443 | D:4      | Reached skill level 1 in Conjurations
  1497 | D:4      | Noticed an ogre
  1529 | D:3      | XOM: divination: magic mapping
  1624 | D:4      | Reached XP level 5. HP: 35/41 MP: 9/9
  1828 | D:4      | Killed an ogre
  1829 | D:4      | Reached XP level 6. HP: 48/48 MP: 10/10
  1833 | D:4      | Learned a level 3 spell: Swiftness
  2013 | D:5      | Entered Level 5 of the Dungeon
  2035 | D:5      | Noticed a water moccasin
  2038 | D:5      | XOM: smoke on damage
  2084 | D:5      | XOM: silly message
  2117 | D:5      | Reached skill level 5 in Air Magic
  2117 | D:5      | Reached XP level 7. HP: 56/56 MP: 11/11
  2410 | D:6      | Noticed a water moccasin
  2416 | D:6      | Killed a water moccasin
  2417 | D:6      | Reached XP level 8. HP: 45/63 MP: 11/13
  2514 | D:6      | Reached skill level 5 in Dodging
  2599 | D:6      | XOM: divination: detect items
  2706 | D:7      | Gained mutation: Your flesh is heat resistant. (rF+)
                  | [potion of mutation]
  2706 | D:7      | Gained mutation: Your muscles are strong. (Str +2) [potion
                  | of mutation]
  2709 | D:7      | Slain by a water moccasin

Illustrated notes

Levels and vault maps discovered:
D:1:      kilobyte_arrival_exit_the_forest, layout_basic,
          hellmonk_ecumenical_altar_arch_garden, minmay_misc_feat_tiny,
          kennysheep_nondescript
D:2:      layout_basic, minmay_tetromino_o2
D:3:      layout_basic, minmay_cut_off
D:4:      layout_loops_corners
D:5:      layout_basic
D:6:      layout_basic, minmay_checkerbox
D:7:      layout_basic, minmay_temple_entry_gardened_gates

Skill      XL: |  1  2  3  4  5  6  7  8 |
---------------+-------------------------+-----
Fighting       | 1 2 3 |  3.8
Spellcasting   | 2 3 |  3.4
Air Magic      | 4 5 |  5.0
Stealth        | 1 2 3 |  3.0
Dodging        | 3 4 5 |  5.2
Conjurations   | 1 2 |  2.8
Slings         | 3 |  3.4
Throwing       | |  2.4

Action                   |  1- 3 |  4- 6 |  7- 9 || total
-------------------------+-------+-------+-------++-------
Melee: Dagger            |       |       |    30 ||    30
 Fire: Hunting sling     |    98 |    44 |    57 ||   199
 Cast: Shock             |     5 |       |       ||     5
  Use: Scroll            |     1 |     2 |       ||     3
       Potion            |       |       |     3 ||     3
Armor: Robe              |    12 |       |    12 ||    24
Dodge: Dodged            |    26 |     3 |    34 ||    63

Table legend: (Time is in decaauts)
 A = Elapsed time spent in this place.
 B = Non-inter-level travel time spent in this place.
 C = Inter-level travel time spent in this place.
 D = Time resting spent in this place.
 E = Time spent auto-exploring this place.
 F = Levels seen in this place.
 G = Mean time per level.
                   A        B        C        D        E       F      G
               +--------+--------+--------+--------+--------+-----+--------+
         Total |   2777 |   2500 |    277 |    148 |    731 |   7 |  396.7 |
       Dungeon |   2777 |   2500 |    277 |    148 |    731 |   7 |  396.7 |
               +--------+--------+--------+--------+--------+-----+--------+

Top non-repeatable levels by time:
     D:3: 620 daAuts
     D:4: 544 daAuts
     D:2: 450 daAuts
     D:1: 448 daAuts
     D:5: 348 daAuts
     D:6: 341 daAuts
     D:7: 23 daAuts
